 Dungeon Crawl Stone Soup version 0.27.1-1-g398f81649c (webtiles) character file.

Game seed: 8382840030781773215

253 sakkuzi the Shield-Bearer (level 6, -3/38 HPs)
             Began as a Gargoyle Fighter on Sept 8, 2021.
             Was a Believer of Jiyva.
             Slain by a gnoll (8 damage)
             ... on level 4 of the Dungeon.
             The game lasted 00:07:38 (3708 turns).

sakkuzi the Shield-Bearer (Gargoyle Fighter)        Turns: 3708, Time: 00:07:38

Health: -3/38      AC: 11    Str: 20    XL:     6   Next: 14%
Magic:  6/6        EV:  7    Int:  9    God:    Jiyva [**....]
Gold:   148        SH:  9    Dex: 10    Spells: 5/5 levels left

rFire    . . .     SeeInvis .   a - +0 flail {mace}
rCold    . . .     Faith    .   c - +0 kite shield
rNeg     + . .     Spirit   .   b - +0 scale mail
rPois    ∞         Reflect  .   (no helmet)
rElec    +         Harm     .   (no cloak)
rCorr    .         Rampage  .   (no gloves)
Will     .....                  (no boots)
Stlth    ..........             (no amulet)
HPRegen  0.12/turn              (no ring)
MPRegen  0.10/turn              (no ring)

@: no status effects
A: sickness immunity, AC +4, negative energy resistance 1, electricity
resistance, torment resistance 1, petrification resistance
a: Renounce Religion, Request Jelly


You were on level 4 of the Dungeon.
You worshipped Jiyva.
Jiyva was pleased with you.
You visited 1 branch of the dungeon, and saw 4 of its levels.

You collected 148 gold pieces.


Innate Abilities, Weirdness & Mutations

You are immune to sickness and miasma.
Your stone body is resilient. (AC +4)
You are immune to poison.
You resist negative energy. (rN+)
You are resistant to electric shocks. (rElec)
You are resistant to unholy torment.
You are immune to petrification.


   Skills:
 + Level 4.3 Fighting
 * Level 4.2 Maces & Flails
 + Level 4.3 Armour
 + Level 4.4 Shields


You had 5 spell levels left.
You didn't know any spells.
Your spell library was empty.

Inventory:

Hand Weapons
 a - a +0 flail (weapon) {mace}
Missiles
 e - 88 stones (quivered) {throwing}
 f - 7 poisoned darts {throwing}
 h - 21 arrows
 i - 8 datura-tipped darts {throwing}
Armour
 b - a +0 scale mail (worn)
 c - a +0 kite shield (worn)
Scrolls
 g - a scroll of magic mapping {unknown}
 j - a scroll of noise {unknown}
 k - 4 scrolls of enchant armour {unknown}
 l - 2 scrolls of teleportation {unknown}
 m - a scroll of identify {unknown}
Potions
 d - a potion of might
 n - a potion of curing {unknown}
 o - a potion of lignification {unknown}

Dungeon Overview and Level Annotations

Branches:
Dungeon (4/15)
 Temple: D:4-7

Altars:
Jiyva

##### ...# #.#####..##
#### # #.g@....J#[ ..#
#.###g###.####+####.#
#.....# #.#.^#^#^.#.####
.#.#.#.###.##^#.#^##.....
#......g....#.^#.#^.#.....
#....<#.#...##^#.#^##.####
#...........#.^#.#^.#.# #.
......#.#...####)####.##..
#......J#g#..............#


You could see a gnoll shaman, a gnoll (fast) and a neutral jelly (wandering)
(fellow slime).


Message History

You hear a distant slurping noise.
Jiyva appreciates your sacrifice. You block the ufetubus's attack. x2
You closely miss the ufetubus.
The ufetubus hits you but does no damage. x2
You hear a distant slurping noise.
The ufetubus hits you but does no damage. x2
Your shield and scale mail prevent you from hitting the ufetubus.
You block the ufetubus's attack. The ufetubus closely misses you.
The ufetubus barely misses you.
The ufetubus hits you but does no damage.
You hear a distant slurping noise.
Jiyva appreciates your sacrifice. 😨 HP[+1]
You closely miss the ufetubus.
The ufetubus hits you but does no damage. x2
The ufetubus completely misses you. The ufetubus hits you.
* * * LOW HITPOINT WARNING * * *
😨 HP[-3]
You take 3 damage, and now have 15/38 hp.
You barely miss the ufetubus. The ufetubus barely misses you.
The ufetubus hits you but does no damage. x3
You closely miss the ufetubus. You block the ufetubus's attack. x2
The ufetubus hits you but does no damage.
The ufetubus hits you.
* * * LOW HITPOINT WARNING * * *
😨 HP[-2]
You take 2 damage, and now have 13/38 hp.
You sock the ufetubus!
You kill the ufetubus!
You block the ball python's attack. The ball python grabs you.
The ball python constricts you.
You hear a splash.
You thump the ball python!
You kill the ball python!
You hear a distant slurping noise.
Jiyva appreciates your sacrifice.
You closely miss the quokka.
The quokka bites you but does no damage.
You hear a distant slurping noise.
Jiyva appreciates your sacrifice. The quokka barely misses you. 😨 HP[+1]
You barely miss the quokka. You block the quokka's attack.
You hear a distant slurping noise.
Jiyva appreciates your sacrifice. You block the quokka's attack.
You closely miss the quokka.
You hear a distant slurping noise.
You block the quokka's attack.
You barely miss the quokka. The quokka barely misses you.
You block the quokka's attack.
You closely miss the quokka. The quokka closely misses you.
The quokka bites you.
* * * LOW HITPOINT WARNING * * *
😨 HP[-2]
You take 2 damage, and now have 12/38 hp.
You hit the quokka. You block the quokka's attack.
You hear a distant slurping noise.
Your shield and scale mail prevent you from hitting the quokka.
The quokka bites you.
* * * LOW HITPOINT WARNING * * *
You block the quokka's attack. 😱 HP[-3]
You take 3 damage, and now have 9/38 hp.
You miss the quokka. You block the quokka's attack. x2
Your shield and scale mail prevent you from hitting the quokka.
You block the quokka's attack.
You hit the quokka. The quokka barely misses you.
You block the quokka's attack.
You barely miss the quokka.
The quokka bites you but does no damage.
The quokka closely misses you.
Jiyva says: Divide and consume!
You hit the quokka but do no damage.
You hear a distant slurping noise.
The quokka bites you but does no damage.
You sock the quokka!
You kill the quokka!
The ufetubus hits you but does no damage. x2
The gnoll closely misses you. 😨 HP[+1]
You miss the ufetubus. You block the ufetubus's attack.
The ufetubus hits you but does no damage. x2
The ufetubus closely misses you. The gnoll barely misses you.
The gnoll shaman calls upon its god to speed up the gnoll.
The gnoll seems to speed up.
The ufetubus hits you but does no damage.
The ufetubus closely misses you.
You sock the ufetubus!
You kill the ufetubus!
The gnoll barely misses you.
The gnoll hits you from afar with a +0 halberd.
* * * LOW HITPOINT WARNING * * *
😱 HP[-5]
You take 5 damage, and now have 5/38 hp.
You hit the gnoll shaman.
The gnoll hits you from afar with a +0 halberd!
You die...

Skill      XL: |  1  2  3  4  5 |
---------------+----------------+-----
Maces & Flails | 3 4 |  4.2
Fighting       | 4 |  4.3
Armour         | 4 |  4.3
Shields        | 4 |  4.4

Action                   |  1- 3 |  4- 6 || total
-------------------------+-------+-------++-------
Melee: Flail             |   152 |   101 ||   253
Invok: Request Jelly     |       |     3 ||     3
  Use: Scroll            |     1 |       ||     1
Armor: Scale mail        |    90 |    75 ||   165
Dodge: Dodged            |    53 |    46 ||    99
Block: Kite shield       |   107 |    71 ||   178

Levels and vault maps discovered:
D:1:      minmay_arrival_cross, layout_basic, hex_tiny, minmay_worlds_worst_comb
D:2:      layout_loops_ring, ebering_ecumenical_altar_ruins, serial_bayou_pond_a
D:3:      minmay_bubble_buster, layout_loops_ring, uniq_sigmund, uniq_natasha
D:4:      layout_loops_ring, mainiacjoe_overflow_paths,
          minmay_temple_entry_poolview, cheibrodos_sewer_entry_sluice,
          grunt_tough_drop, uniq_robin

Notes
Turn   | Place    | Note
-------+----------+-------------------------------------------
     0 | D:1      | sakkuzi the Gargoyle Fighter began the quest for the Orb.
     0 | D:1      | Reached XP level 1. HP: 14/14 MP: 1/1
     0 | D:1      | magus.rc [v1.9.6]
    50 | D:1      | Reached XP level 2. HP: 18/19 MP: 2/2
    86 | D:1      | HP: 4/19 [endoplasm (2)]
   501 | D:1      | Reached XP level 3. HP: 19/23 MP: 3/3
  1549 | D:2      | Found a faded altar of an unknown god.
  1582 | D:2      | Became a worshipper of Jiyva Jiadwes the Shapeless
  1582 | D:2      | Reached * piety under Jiyva
  1710 | D:2      | Reached skill level 3 in Maces & Flails
  2003 | D:2      | Noticed a scorpion
  2056 | D:2      | HP: 5/24 [scorpion (3)]
  2058 | D:2      | HP: 1/24 [scorpion (5)]
  2079 | D:2      | Killed a scorpion
  2080 | D:2      | Reached XP level 4. HP: 3/29 MP: 4/4
  2416 | D:3      | Noticed a centaur
  2430 | D:3      | HP: 7/29 [centaur (2)]
  2433 | D:3      | Killed a centaur
  2434 | D:3      | Reached skill level 4 in Fighting
  2434 | D:3      | Reached skill level 4 in Armour
  2434 | D:3      | Reached skill level 4 in Shields
  2434 | D:3      | Reached XP level 5. HP: 5/33 MP: 2/5
  2645 | D:3      | Killed Sigmund
  2808 | D:3      | Killed Natasha
  2832 | D:3      | Killed Natasha
  3138 | D:3      | Noticed Natasha
  3145 | D:3      | Killed Natasha
  3238 | D:3      | Reached ** piety under Jiyva
  3300 | D:3      | Reached skill level 4 in Maces & Flails
  3575 | D:4      | Reached XP level 6. HP: 18/38 MP: 6/6
  3699 | D:4      | HP: 9/38 [quokka (4)]
  3707 | D:4      | HP: 5/38 [gnoll (5)]
  3708 | D:4      | Slain by a gnoll

Vanquished Creatures
  A centaur (D:3)
  Natasha (D:3)
  An orc wizard (D:4)
  An adder (D:3)
  2 gnolls
  2 ufetubi (D:4)
  3 dart slugs
  5 orcs
  6 ball pythons
  7 endoplasms
  5 giant cockroaches
  5 goblins
  5 hobgoblins
  4 jackals (D:1)
  5 quokkas
  4 bats
  3 frilled lizards
  3 kobolds
  5 rats
68 creatures vanquished.

Vanquished Creatures (others)
  Sigmund (D:3)
  2 scorpions
  A centaur zombie (D:4)
  7 jellies
  An orc priest (D:4)
  An iguana (D:3)
  Natasha (twice) (D:3)
  3 gnolls
  4 adders (D:3)
  3 worms
  A dart slug (D:4)
  2 orcs
  6 ball pythons
  4 bats (D:3)
  An endoplasm (D:4)
  A giant cockroach (D:3)
  7 goblins
  4 hobgoblins
  A quokka (D:4)
  2 frilled lizards (D:3)
  4 kobolds (D:3)
  2 rats (D:3)
  5 plants (D:2)
65 creatures vanquished.

Grand Total: 133 creatures vanquished

Table legend:
 A = Non-vault XP
 B = Vault XP
 C = Vault XP percentage of total XP
 D = Non-vault monster count
 E = Vault monster count
 F = Vault count percentage of total count
                 A         B        C        D         E       F
            +---------+---------+-------+---------+---------+-------
      Total |     342 |      20 |   5.5 |      61 |       9 |  12.9
            +---------+---------+-------+---------+---------+-------
        D:1 |      51 |       8 |  13.6 |      30 |       4 |  11.8
        D:2 |      44 |       0 |   0.0 |      13 |       0 |   0.0
        D:3 |     189 |       7 |   3.6 |       8 |       3 |  27.3
        D:4 |      58 |       5 |   7.9 |      10 |       2 |  16.7
            +---------+---------+-------+---------+---------+-------

Illustrated notes

Table legend:
 A = Kills in this place as a percentage of kills in entire the game.
 B = Kills by you in this place as a percentage of kills by you in the entire game.
 C = Kills by friends in this place as a percentage of kills by friends in the entire game.
 D = Other kills in this place as a percentage of other kills in the entire game.
 E = Experience gained in this place as a percentage of experience gained in the entire game.
 F = Experience gained in this place divided by the number of levels of this place that you have seen.
                   A       B       C       D       E      F
               +-------+-------+-------+-------+-------+----------------------
         Total | 100.0 | 100.0 |   N/A | 100.0 | 100.0 |  90.5
       Dungeon | 100.0 | 100.0 |   N/A | 100.0 | 100.0 |  90.5
               +-------+-------+-------+-------+-------+----------------------

Table legend: (Time is in decaauts)
 A = Elapsed time spent in this place.
 B = Non-inter-level travel time spent in this place.
 C = Inter-level travel time spent in this place.
 D = Time resting spent in this place.
 E = Time spent auto-exploring this place.
 F = Levels seen in this place.
 G = Mean time per level.
                   A        B        C        D        E       F      G
               +--------+--------+--------+--------+--------+-----+--------+
         Total |   3827 |   3757 |     70 |    841 |   1693 |   4 |  956.8 |
       Dungeon |   3827 |   3757 |     70 |    841 |   1693 |   4 |  956.8 |
               +--------+--------+--------+--------+--------+-----+--------+

Top non-repeatable levels by time:
     D:2: 1306 daAuts
     D:1: 1175 daAuts
     D:3: 1111 daAuts
     D:4: 234 daAuts
